 Dungeon Crawl Stone Soup version 0.30-a0-920-g7493c07aab (webtiles) character file.

Game seed: 1690596937067026764

169 cforsyth the Shield-Bearer (level 5, -5/42 HPs)
             Began as a Human Fighter on Mar 21, 2023.
             Killed from afar by an orc wizard (8 damage)
             ... with a magic dart
             ... on level 3 of the Dungeon.
             The game lasted 00:02:24 (1690 turns).

cforsyth the Shield-Bearer (Human Fighter)          Turns: 1690, Time: 00:02:25

Health: -5/42      AC:  7    Str: 18    XL:     5   Next: 79%
Magic:  5/5        EV:  9    Int:  8    God:
Gold:   64         SH:  0    Dex: 19    Spells: 4/4 levels left

rFire   . . .      SeeInvis .    a - +0 flail
rCold   . . .      Faith    .    c - +0 buckler
rNeg    . . .      Spirit   .    b - +0 scale mail
rPois   .          Reflect  .    (no helmet)
rElec   .          Rampage  .    (no cloak)
rCorr   .                        (no gloves)
Will    .....                    (no boots) Stlth
                                 (no amulet)
HPRegen 0.27/turn                n - +6 ring of dexterity
MPRegen 0.09/turn                (no ring)

@: confused, mighty, brilliant, hasted, very quick
A: no striking features
a: no special abilities


You were on level 3 of the Dungeon.
You visited 1 branch of the dungeon, and saw 3 of its levels.

You collected 64 gold pieces.

Inventory:

Hand Weapons
 a - a +0 flail (weapon)
Armour
 b - a +0 scale mail (worn)
 c - a +0 buckler (worn)
Jewellery
 n - a +6 ring of dexterity (left hand)
Scrolls
 e - 2 scrolls of immolation {unknown}
 f - a scroll of enchant armour {unknown}
 g - 2 scrolls of teleportation {unknown}
 h - 2 scrolls of fog {unknown}
 i - 6 scrolls of identify {unknown}
 l - a scroll of torment {unknown}
 o - a scroll of magic mapping {unknown}
Potions
 d - a potion of might


   Skills:
 + Level 3.9 Fighting
 + Level 3.1 Maces & Flails
 + Level 3.9 Armour
 + Level 4.0 Shields


You had 4 spell levels left.
You didn't know any spells.
Your spell library contained the following spells:

 Spells                   Type           Power      Damage    Failure   Level
 Inner Flame              Hex/Fire       0%         N/A       99%         3
 Flame Wave               Conj/Fire      0%         2d4       100%        4
 Sticky Flame             Conj/Fire      0%         2d3       100%        4


Dungeon Overview and Level Annotations

Branches:
Dungeon (3/15)

Altars:


Message History

Something tries to affect you, but you resist.
The endoplasm hits you but does no damage.
The orc wizard hits you with a +0 dagger.
* * * LOW HITPOINT WARNING * * *
It was a potion of brilliance.
You feel clever all of a sudden. The adder bites you but does no damage.
The endoplasm barely misses you. Something hits you but does no damage.
You block something's attack.
The orc wizard hits you with a +0 dagger.
* * * LOW HITPOINT WARNING * * *
You feel better. The adder barely misses you.
You hear some strange, mumbled words.
A puff of flame appears from out of thin air!
The puff of flame hits you.
* * * LOW HITPOINT WARNING * * *
You block the orc wizard's attack. The endoplasm freezes you.
You are frozen.
* * * LOW HITPOINT WARNING * * *
Something hits you but does no damage.
You hear some strange, mumbled words.
You are confused.
Okay, then.
You feel very mighty all of a sudden. The adder bites you but does no damage.
You closely miss the orc wizard. The adder closely misses you.
You barely miss the orc wizard.
The orc wizard hits you but does no damage.
The adder bites you but does no damage.
You miss the adder.
The adder is moderately wounded.
The orc wizard hits you but does no damage.
The adder barely misses you.
You bump into the rock wall.
You miss the adder.
The adder is moderately wounded.
The adder bites you but does no damage.
The orc wizard gestures at you while chanting.
The magic dart hits you!
You die...

#...#.#.....##........... ##
###...#...#...####......... .#
##.....#..#########.......##
.####.........# ####.........#
...#..##...#.#####†...##.>....#
.....<#...##.#............#####
.............#.........####
.................o.....#
............##..@S{..$.#
#...........######{#..##
...#.......###..S.).....#
............ #....{.....#
#######..........>......#
..#..........# . #..........#
#..........# ...........#


You could see an orc wizard and an adder.

Vanquished Creatures
  10 adders (D:2)
  3 gnolls
  2 worms (D:2)
  A dart slug (D:1)
  An orc (D:3)
  2 endoplasms
  2 giant cockroaches (D:1)
  2 hobgoblins
  4 kobolds (D:1)
  2 quokkas
  11 ball pythons
  A bat (D:1)
  A frilled lizard (D:1)
  2 goblins (D:1)
  3 rats
47 creatures vanquished.

Notes
Turn   | Place    | Note
-------+----------+-------------------------------------------
     0 | D:1      | cforsyth the Human Fighter began the quest for the Orb.
     0 | D:1      | Reached XP level 1. HP: 18/18 MP: 1/1
   132 | D:1      | Reached XP level 2. HP: 24/24 MP: 2/2
   361 | D:1      | Reached XP level 3. HP: 29/29 MP: 3/3
   804 | D:2      | Reached XP level 4. HP: 27/35 MP: 4/4
   982 | D:2      | Reached XP level 5. HP: 42/42 MP: 5/5
  1574 | D:2      | Reached skill level 4 in Shields
  1678 | D:3      | HP: 2/42 [orc wizard/+0 dagger (2)]
  1690 | D:3      | Killed from afar by an orc wizard

Illustrated notes

Levels and vault maps discovered:
D:1:      dpeg_arrival_simpleton_c, layout_loops_ring
D:2:      layout_rooms, minivault_14, minmay_snake_closets
D:3:      layout_rooms, demons_altar, kennysheep_generic_room_12

Skill      XL: |  1  2  3  4  5 |
---------------+----------------+-----
Maces & Flails | 3 |  3.1
Shields        | 4 |  4.0
Fighting       | |  3.9
Armour         | |  3.9

Action                     |  1- 3 |  4- 6 || total
---------------------------+-------+-------++-------
  Melee: Flail             |    82 |   107 ||   189
    Use: Potion            |       |     5 ||     5
 Armour: Scale mail        |    35 |    72 ||   107
  Dodge: Dodged            |    39 |    63 ||   102
  Block: Buckler           |    18 |    41 ||    59

Table legend: (Time is in decaauts)
 A = Elapsed time spent in this place.
 B = Non-inter-level travel time spent in this place.
 C = Inter-level travel time spent in this place.
 D = Time resting spent in this place.
 E = Time spent auto-exploring this place.
 F = Levels seen in this place.
 G = Mean time per level.
                   A        B        C        D        E       F      G
               +--------+--------+--------+--------+--------+-----+--------+
         Total |   1743 |   1719 |     24 |    200 |   1071 |   3 |  581.0 |
       Dungeon |   1743 |   1719 |     24 |    200 |   1071 |   3 |  581.0 |
               +--------+--------+--------+--------+--------+-----+--------+

Top non-repeatable levels by time:
     D:1: 861 daAuts
     D:2: 792 daAuts
     D:3: 90 daAuts
